 Dungeon Crawl Stone Soup version 0.17.0-27-g4a3f43e (webtiles) character file.

1367 McCoppin the Frost Mage (level 8, -1/52 HPs)
             Began as a Merfolk Ice Elementalist on Nov 21, 2015.
             Slain by a wyvern zombie (14 damage)
             ... on level 6 of the Dungeon.
             The game lasted 00:30:32 (6183 turns).

McCoppin the Frost Mage (Merfolk Ice Elementalist)  Turns: 6183, Time: 00:30:32

Health: -1/52      AC: 15    Str:  8    XL:     8   Next: 65%
Magic:  18/20      EV: 13    Int: 14    God:
Gold:   241        SH:  2    Dex: 17    Spells: 4 memorised, 1 level left

rFire  . . .     SeeInvis .     g - +0 trident
rCold  + . .     Clarity  .     s - +2 robe {rC+}
rNeg   . . .     SustAt   .     (no shield)
rPois  .         Gourm    .     (no helmet)
rElec  .         Spirit   .     h - +0 cloak
rCorr  .         Warding  .     (no gloves)
rMut   .         Stasis   .     j - +0 pair of boots
MR     .....                    (no amulet)
Stlth  ++........               v - ring of magical power
                                e - +1 ring of protection

@: icy armour, not resistant to hostile enchantments, unstealthy
A: change form in water, swift swim, large bone plates 1, blurry vision 1, no
device heal 1
a: no special abilities


You were on level 6 of the Dungeon.
You were not hungry.

You visited 1 branch of the dungeon, and saw 6 of its levels.

You collected 241 gold pieces.

Inventory:

Hand Weapons
 g - a +0 trident (weapon)
 n - a +1 short sword of draining
 p - a +0 scythe of venom
 w - a +0 blowgun
 E - a +0 halberd
 I - a +0 spear
Missiles
 x - 36 poisoned needles
 L - 2 throwing nets (quivered)
Armour
 a - a +0 robe
 h - a +0 cloak (worn)
 j - a +0 pair of boots (worn)
 q - a +2 robe of positive energy
 s - a +2 robe of cold resistance (worn)
 u - a +0 ring mail
 y - a troll hide {Purgy}
 K - the +1 leather armour "Raoh" {rC+ MR+}
   (You found it on level 5 of the Dungeon)

   It protects you from cold.
   It affects your resistance to hostile enchantments.
Jewellery
 e - a +1 ring of protection (left hand)
 l - an uncursed ring of protection from cold
 r - an uncursed ring of sustain attributes
 v - a ring of magical power (right hand)
 A - an uncursed ring of flight
Wands
 c - a wand of digging (7)
 m - a wand of flame (14)
 t - a wand of polymorph (7)
Scrolls
 d - 3 scrolls of remove curse
 f - 3 scrolls of magic mapping
 F - 2 scrolls of fear
 G - a scroll of blinking
 H - a scroll of teleportation
Potions
 i - 2 potions of agility
 o - 4 potions of heal wounds
 z - 2 potions of might {unknown}
 B - a potion of magic {unknown}
 D - a potion of poison
 J - a potion of curing {unknown}
 M - a potion of lignification {unknown}
Books
 b - a book of Frost

   Spells                             Type                      Level
   a - Freeze                         Ice                          1
   b - Throw Frost                    Conjuration/Ice              2
   c - Ozocubu's Armour               Charms/Ice                   3
   d - Throw Icicle                   Conjuration/Ice              4
   e - Summon Ice Beast               Ice/Summoning                4
   f - Condensation Shield            Ice                          4
Comestibles
 k - 2 meat rations
 C - a bread ration


   Skills:
 * Level 8.3 Polearms
 - Level 2.6 Dodging
 - Level 2.1 Stealth
 - Level 2.0 Spellcasting
 - Level 0.7 Conjurations
 + Level 9.8 Ice Magic


You had one spell level left.
You knew the following spells:

 Your Spells              Type           Power        Failure   Level  Hunger
a - Freeze                Ice            ####         1%          1    ##.....
b - Ozocubu's Armour      Chrm/Ice       ###.....     12%         3    ####...
c - Throw Frost           Conj/Ice       ###...       4%          2    ###....
d - Summon Ice Beast      Ice/Summ       ###.....     38%         4    #####..


Dungeon Overview and Level Annotations

Branches:
Dungeon (6/15)
 Temple: D:4-7

Altars:

Annotations:
D:5 Grinder, Menkaure


Innate Abilities, Weirdness & Mutations

You revert to your normal form in water.
You are very nimble and swift while swimming.
You are partially covered in large bone plates (AC +2, SH +2).
Scrolls take you a little longer to read.
Potions and wands are less effective at restoring your health.


Message History

The wyvern zombie bites you.
You are too injured to fight recklessly!
You are too injured to fight recklessly!
Casting: Ozocubu's Armour
Confirm with . or Enter, or press ? or * to list all spells.
A film of ice covers your body! The wyvern zombie bites you.
Unknown command.
You hit the wyvern zombie but do no damage.
The wyvern zombie closely misses you.
You hit the wyvern zombie but do no damage.
The wyvern zombie barely misses you.
You hit the wyvern zombie. The wyvern zombie bites you.
The wyvern zombie misses you.
You hit the wyvern zombie but do no damage.
The wyvern zombie bites you.
You hit the wyvern zombie but do no damage.
The wyvern zombie bites you!
* * * LOW HITPOINT WARNING * * *
You hit the wyvern zombie. The wyvern zombie bites you!
You die...

...# #.# ##...## #. ####
#.# ##+## #. # #.# #.#
#. # #.# #.###########.
# ... ##.#.....>..##. #
#.# ####
##....######.##. # #.#
... #.....###.##.##.
#.####.###....##.#.#.##.
.......@........###.....
#.####Z######.##.#.#.###
#. #.###.##.# #.
#........# .. ##########
##


You could see a wyvern zombie.

Vanquished Creatures
  Sigmund (D:3)
  Purgy (D:3)
  A phantom (D:6)
  3 ogres (D:4)
  2 centaurs (D:5)
  A scorpion (D:4)
  A water moccasin zombie (D:5)
  An orc priest (D:3)
  2 giant frog skeletons
  A centaur skeleton (D:4)
  Jessica (D:3)
  A hound (D:4)
  An orc wizard (D:3)
  Natasha (thrice) (D:2)
  2 worker ants
  A worker ant zombie (D:6)
  A hound skeleton (D:4)
  7 adders
  6 gnolls
  3 worms
  A giant gecko (D:1)
  5 orcs
  5 ball pythons
  6 bats
  7 giant cockroaches
  7 goblins
  6 hobgoblins
  3 jackals (D:1)
  3 giant newts
  5 kobolds
  10 rats
98 creatures vanquished.

Vanquished Creatures (collateral kills)
  3 gnolls (D:5)
3 creatures vanquished.

Vanquished Creatures (others)
  A jelly (D:5)
1 creature vanquished.

Grand Total: 102 creatures vanquished

Notes
Turn   | Place    | Note
--------------------------------------------------------------
     0 | D:1      | McCoppin the Merfolk Ice Elementalist began the quest for the Orb.
     0 | D:1      | Reached XP level 1. HP: 13/13 MP: 3/3
   297 | D:1      | Reached XP level 2. HP: 19/19 MP: 0/5
   307 | D:1      | Reached skill level 4 in Ice Magic
   808 | D:1      | Reached XP level 3. HP: 20/24 MP: 3/6
  1433 | D:2      | Reached skill level 5 in Ice Magic
  1529 | D:2      | Reached XP level 4. HP: 26/30 MP: 4/7
  1536 | D:2      | Noticed Natasha
  1543 | D:2      | Killed Natasha
  1752 | D:2      | Noticed Natasha
  1799 | D:2      | Killed Natasha
  1884 | D:2      | Reached skill level 6 in Ice Magic
  1924 | D:2      | Noticed Natasha
  1935 | D:2      | Killed Natasha
  1987 | D:2      | Learned a level 3 spell: Ozocubu's Armour
  1990 | D:2      | Learned a level 2 spell: Throw Frost
  2018 | D:2      | Reached XP level 5. HP: 35/35 MP: 8/8
  2652 | D:3      | Noticed Jessica
  2675 | D:3      | Killed Jessica
  2675 | D:3      | Reached skill level 7 in Ice Magic
  2675 | D:3      | Reached XP level 6. HP: 41/41 MP: 9/9
  2691 | D:3      | Noticed Purgy
  2740 | D:3      | Killed Purgy
  2749 | D:3      | Gained mutation: Potions and wands are less effective at restoring your health. [potion of mutation]
  2749 | D:3      | Gained mutation: Scrolls take you a little longer to read. [potion of mutation]
  2749 | D:3      | Gained mutation: You are partially covered in large bone plates (AC +2, SH +2). [potion of mutation]
  2866 | D:3      | Noticed Sigmund
  3014 | D:3      | Killed Sigmund
  3014 | D:3      | Reached skill level 8 in Ice Magic
  3014 | D:3      | Reached XP level 7. HP: 23/46 MP: 10/10
  3921 | D:4      | Reached skill level 9 in Ice Magic
  4228 | D:4      | Reached skill level 5 in Polearms
  4579 | D:4      | Reached XP level 8. HP: 37/52 MP: 11/11
  5092 | D:5      | Entered Level 5 of the Dungeon
  5240 | D:5      | Noticed Menkaure
  5363 | D:5      | Learned a level 4 spell: Summon Ice Beast
  5760 | D:5      | Noticed Grinder
  5794 | D:5      | Got a smoking leather armour
  5806 | D:5      | Identified the +1 leather armour "Raoh" {rC+ MR+} (You found it on level 5 of the Dungeon)
  6183 | D:6      | Slain by a wyvern zombie

Action                   |  1- 3 |  4- 6 |  7- 9 || total
-------------------------+-------+-------+-------++-------
Melee: Unarmed           |    68 |       |       ||    68
       Short sword       |     5 |    65 |    98 ||   168
       Trident           |       |       |    63 ||    63
 Cast: Freeze            |    36 |    18 |    23 ||    77
       Throw Frost       |       |    20 |    36 ||    56
       Ozocubu's Armour  |       |     3 |    15 ||    18
       Summon Ice Beast  |       |       |     1 ||     1
  Use: Potion            |       |     5 |       ||     5
       Scroll            |       |     4 |     6 ||    10
 Stab: Sleeping          |     3 |     4 |     2 ||     9
  Eat: Chunk             |     3 |     3 |     9 ||    15
       Bread ration      |       |     1 |     1 ||     2
       Pizza             |       |       |     1 ||     1
       Beef jerky        |       |       |     1 ||     1
